 Dungeon Crawl Stone Soup version 0.32-a0-160-g465344b4ef (webtiles) character file.

Game seed: 14922009397854008113

51456 Armakuni the Metamorph (level 14, -3/98 HPs)
             Began as a Vampire Monk on Feb 6, 2024.
             Was the Champion of Makhleb.
             Slain by a boulder beetle (19 damage)
             ... on level 1 of the Lair of Beasts on Feb 11, 2024.
             The game lasted 00:45:46 (15875 turns).

Armakuni the Metamorph (Vampire Monk)              Turns: 15875, Time: 00:45:47

Health: -3/98      AC:  6    Str: 10    XL:     14   Next: 23%
Magic:  0/29       EV: 15    Int: 14    God:    Makhleb [******]
Gold:   1386       SH:  0    Dex: 18    Spells: 13/13 levels left

rFire   . .          .
                       - Unarmed
rCold   + . .        (no shield)
rNeg    . . .        O - melded +0 steam dragon scales
rPois   .            i - +0 helmet
rElec   .            j - +0 cloak
rCorr   .            f - +1 pair of gloves
SInv    +            y - +1 pair of boots of the Slorg {rC+ Regen+ Dex-2}
Will    +....        G - amulet of guardian spirit
Stlth   ++           K - ring of magical power
HPRegen 1.36/turn    S - +4 ring of slaying
MPRegen 0.21/turn

%: guardian spirit
@: maw-form, healing quickly, slowed, very slow
A: devouring maw, alive, fangs 3, see invisible, vampiric 2
a: Exsanguinate, Begin Untransformation, Renounce Religion, Minor Destruction,
Lesser Servant of Makhleb, Major Destruction, Greater Servant of Makhleb


You were on level 1 of the Lair of Beasts.
You worshipped Makhleb.
Makhleb was exalted by your worship.
You were a creature with a mouth for a stomach.
You visited 3 branches of the dungeon, and saw 17 of its levels.
You also visited: Bailey and Ice Cave.

You collected 1894 gold pieces.
You spent 508 gold pieces at shops.

Inventory:

Hand Weapons
 b - the +9 rapier "Ivoshrea" {venom, rPois Int+3 Dex-2}
   (You found it on level 9 of the Dungeon)

   Int+3:     It affects your intelligence (+3).
   Dex-2:     It affects your dexterity (-2).
   rPois:     It protects you from poison
 z - a +0 longbow of flaming
Missiles
 A - 3 throwing nets
Armour
 f - a +1 pair of gloves (worn)
 i - a +0 helmet (worn)
 j - a +0 cloak (worn)
 y - the +1 pair of boots of the Slorg (worn) {rC+ Regen+ Dex-2}
   (You found it on level 6 of the Dungeon)

   Dex-2:     It affects your dexterity (-2).
   rC+:       It protects you from cold.
   Regen+:    It increases your rate of health regeneration.
 C - +0 acid dragon scales
 O - +0 steam dragon scales (melded)
Jewellery
 G - an amulet of guardian spirit (around neck)
 J - a ring of ice
 K - a ring of magical power (left hand)
 N - a ring of willpower
 S - a +4 ring of slaying (right hand)
 W - a ring of willpower
Talismans
 P - a maw talisman (active)
Wands
 a - a wand of flame (3)
 m - a wand of mindburst (15)
 p - a wand of polymorph (16)
 q - a wand of roots (13)
 t - a wand of charming (6)
Scrolls
 e - 8 scrolls of teleportation
 h - 5 scrolls of enchant weapon
 k - a scroll of identify
 l - a scroll of revelation
 n - 5 scrolls of enchant armour
 o - 4 scrolls of vulnerability
 s - 2 scrolls of poison
 w - a scroll of silence
 x - a scroll of noise
 H - 5 scrolls of fear
 I - a scroll of fog
 M - a scroll of immolation
Potions
 d - 9 potions of curing
 g - a potion of magic
 u - 7 potions of ambrosia
 v - 7 potions of heal wounds
 B - a potion of resistance {unknown}
 D - a potion of cancellation
 E - 2 potions of brilliance
 F - a potion of mutation
Miscellaneous
 c - a box of beasts
 r - a tin of tremorstones (2/2)
 L - a phantom mirror


   Skills:
 - Level 5.4 Fighting
 - Level 5.0 Short Blades
 - Level 6.0 Dodging
 - Level 10.2 Unarmed Combat
 + Level 9.0 Invocations
 - Level 19.5 Shapeshifting


You had 13 spell levels left.
You didn't know any spells.
Your spell library contained the following spells:

 Spells                   Type           Power      Damage    Failure   Level
 Kiss of Death            Conj/Necr      0%         2d5       28%         1
 Magic Dart               Conj           0%         1d3       28%         1
 Sandblast                Erth           0%         2d4       28%         1
 Blink                    Tloc           0%         N/A       41%         2
 Call Imp                 Summ           0%         N/A       41%         2
 Scorch                   Fire           0%         2d5       41%         2
 Confusing Touch          Hex            0%         N/A       65%         3
 Passwall                 Erth           0%         N/A       65%         3
 Stone Arrow              Conj/Erth      0%         3d7       65%         3
 Brom's Barrelling Bould  Conj/Erth      0%         2d3       96%         4
 Dispel Undead            Necr           0%         3d6       96%         4
 Flame Wave               Conj/Fire      0%         2d4       96%         4
 Summon Cactus Giant      Summ           0%         N/A       100%        6


Dungeon Overview and Level Annotations

Branches:
Dungeon (11/15)            Temple (1/1) D:6            Lair (5/5) D:11
 Shoals (0/4) Lair:3       Spider (0/4) Lair:2        Slime (0/5) Lair:4
 Bailey (visited)           IceCv (visited)
    Orc: D:9-12

Altars:
Ashenzari
Cheibriados
Dithmenos
Fedhas
Gozag
Hepliaklqana
Kikubaaqudgha
Makhleb
Nemelex Xobeh
Okawaru
Qazlal
Ru
Sif Muna
Trog
Uskayaw
Vehumet
Wu Jian
Xom
Yredelemnul

Shops:
D:8 *

Annotations:
Lair:4 1 runed translucent door
Lair:5 exclusion: oklob plant


Innate Abilities, Weirdness & Mutations

You are a creature with a mouth for a stomach.
Your midsection houses a second, enormous mouth.
Your natural rate of healing is accelerated.
You have razor-sharp teeth.
You have supernaturally acute eyesight. (SInv)
You are afflicted with vampirism and can become a bat while bloodless.


Message History

The boulder beetle is lightly wounded.
The boulder beetle misses you.
You punch the boulder beetle! You bite the boulder beetle!
The boulder beetle is moderately wounded.
The boulder beetle barely misses you.
You hit the boulder beetle but do no damage.
You bite the boulder beetle, but do no damage.
The boulder beetle is moderately wounded.
The boulder beetle bites you!
You barely miss the boulder beetle.
You bite the boulder beetle, but do no damage.
The boulder beetle is moderately wounded.
The boulder beetle completely misses you.
You hit the boulder beetle but do no damage.
You bite the boulder beetle, but do no damage.
The boulder beetle is moderately wounded.
The boulder beetle bites you! The boulder beetle bites you!!
* * * LOW HITPOINT WARNING * * *
You hit the boulder beetle but do no damage.
You bite the boulder beetle, but do no damage.
You bite the boulder beetle!
The boulder beetle is heavily wounded.
The boulder beetle misses you.
You punch the boulder beetle!
You bite the boulder beetle, but do no damage. x2
The boulder beetle is heavily wounded.
The boulder beetle bites you!
* * * LOW HITPOINT WARNING * * *
You hit the boulder beetle but do no damage.
You punch the boulder beetle, but do no damage.
You bite the boulder beetle, but do no damage. x2
The boulder beetle is heavily wounded.
The boulder beetle bites you.
* * * LOW HITPOINT WARNING * * *
You hit the boulder beetle but do no damage.
The boulder beetle is heavily wounded.
The boulder beetle bites you.
* * * LOW HITPOINT WARNING * * *
The boulder beetle bites you!!
You die...

#.......÷........!©
#......###.........
#.....## ####..####
#.....# #..# #
#.....## ##.####
#......# #P..#..
#.....## ###....
#.B...# #.....
#.W...## ##.+..
#.<....# ##..#..
#.....## #...##.
#.....## ##.####
#......# #.#...
#.....## #.....
#.....# #.#...
#.....## #.....
##......# #.#...


You could see a boulder beetle.

Vanquished Creatures
  Josephine (Lair:4)
  5 hydras
  The ghost of Nebesus the Slicer, a journeyman KoBe of Trog (Lair:1)
  3 catoblepae (Lair:5)
  2 boulder beetles
  7 death yaks (Lair:5)
  2 two-headed ogres
  A skyshark (Lair:3)
  Pikel (D:5)
  A lindwurm (Lair:5)
  An oklob plant (Lair:1)
  2 manticores (Lair:5)
  A merfolk siren (Lair:3)
  18 elephants
  A meliai (Lair:1)
  6 black mambas
  A torpor snail (Lair:4)
  12 cane toads
  5 komodo dragons
  6 rime drakes
  A troll (D:7)
  A queen bee (Lair:1)
  A polar bear (Lair:3)
  9 blink frogs
  5 hornets
  Grinder (D:5)
  4 wraiths
  A vampire (D:9)
  4 wyverns
  A basilisk (Lair:2)
  Grum (D:10)
  63 yaks
  A steam dragon (D:10)
  An acid dragon (D:8)
  10 water moccasins
  7 orc warriors
  An ice beast (D:5)
  3 black bears
  A sky beast (D:7)
  7 wolves
  2 centaurs
  3 lemures (D:5)
  9 kobold brigands
  8 bullfrogs
  Blork the orc (D:5)
  A gnoll sergeant (D:7)
  10 scorpions
  16 killer bees
  A lindwurm simulacrum (IceCv)
  3 bombardier beetles
  4 jellies
  2 komodo dragon simulacra (IceCv)
  4 orc priests
  4 hounds
  A sleepcap (D:4)
  3 iguanas
  7 orc wizards
  10 hell rats
  Robin (D:2)
  5 adders
  9 gnolls
  An acid dragon simulacrum (IceCv)
  2 shadow imps
  A white imp (D:7)
  2 ufetubi (D:6)
  2 steam dragon simulacra (IceCv)
  A dart slug (D:5)
  3 ribbon worms
  33 orcs
  5 bats
  7 endoplasms
  4 giant cockroaches
  15 goblins
  10 hobgoblins
  22 kobolds
  4 quokkas
  5 ball pythons
  3 frilled lizards
  5 rats
429 creatures vanquished.

Vanquished Creatures (collateral kills)
  A yak (Lair:5)
  A lemure (D:5)
2 creatures vanquished.

Grand Total: 431 creatures vanquished

Notes
Turn   | Place    | Note
-------+----------+-------------------------------------------
     0 | D:1      | Armakuni the Vampire Monk began the quest for the Orb.
     0 | D:1      | Reached XP level 1. HP: 17/17 MP: 1/1
   134 | D:1      | Reached XP level 2. HP: 23/23 MP: 2/2
   525 | D:1      | Found a faded altar of an unknown god.
   765 | D:2      | Gained mutation: You are afflicted with vampirism and can
                  | become a bat while bloodless. [Vampire growth]
   765 | D:2      | Reached XP level 3. HP: 21/28 MP: 3/3
   881 | D:2      | Noticed Robin
   925 | D:2      | Killed Robin
   926 | D:2      | Reached skill level 5 in Unarmed Combat
  1386 | D:2      | Reached XP level 4. HP: 23/34 MP: 4/4
  1610 | D:3      | Noticed a scorpion
  1627 | D:3      | Killed a scorpion
  1628 | D:3      | Reached XP level 5. HP: 14/39 MP: 5/5
  2627 | D:4      | Noticed a centaur
  2643 | D:4      | Killed a centaur
  2644 | D:4      | Reached XP level 6. HP: 27/46 MP: 6/6
  3212 | D:5      | Entered Level 5 of the Dungeon
  3256 | D:5      | Noticed Blork the orc
  3277 | D:5      | Reached XP level 7. HP: 48/51 MP: 7/7
  3533 | D:5      | Killed Blork the orc
  3669 | D:5      | Noticed Pikel
  3702 | D:5      | Killed Pikel
  3703 | D:5      | Reached skill level 10 in Unarmed Combat
  3703 | D:5      | Reached skill level 5 in Fighting
  3703 | D:5      | Reached XP level 8. HP: 51/62 MP: 8/8
  3842 | D:5      | Reached skill level 5 in Dodging
  3893 | D:5      | Noticed Grinder
  3897 | D:5      | Paralysed by Grinder for 5 turns
  3906 | D:5      | Killed Grinder
  4315 | D:6      | Found a staircase to the Ecumenical Temple.
  4330 | Temple   | Entered the Ecumenical Temple
  4336 | Temple   | Upgraded the game from 0.32-a0-119-g2e8054a333 to
                  | 0.32-a0-131-g9dbbe29261
  4338 | Temple   | Became a worshipper of Makhleb the Destroyer
  4338 | Temple   | Reached * piety under Makhleb
  4338 | Temple   | Reached ** piety under Makhleb
  4398 | D:6      | Identified the +1 pair of boots of the Slorg {rC+ Regen+
                  | Dex-2}
  4574 | D:6      | Reached skill level 1 in Invocations
  5074 | D:7      | Reached XP level 9. HP: 57/68 MP: 9/11
  5298 | D:7      | Found a flagged portal.
  5309 | Bailey   | Entered a bailey
  5441 | Bailey   | Reached skill level 5 in Invocations
  5530 | Bailey   | Found a bloodstained altar of Trog.
  5618 | D:7      | Noticed a troll
  5647 | D:7      | Killed a troll
  6092 | D:7      | Reached *** piety under Makhleb
  6308 | D:8      | Paralysed by a hornet for 3 turns
  6313 | D:8      | Reached XP level 10. HP: 63/74 MP: 16/16
  6452 | D:8      | Upgraded the game from 0.32-a0-131-g9dbbe29261 to
                  | 0.32-a0-132-g2d33c3cfaf
  6591 | D:8      | Found Uxkum's General Store.
  6593 | D:8      | Found Xeismo's Specific Store.
  6597 | D:8      | Bought a potion of mutation for 88 gold pieces
  6601 | D:8      | Bought a maw talisman for 420 gold pieces
  6841 | D:8      | Reached skill level 1 in Shapeshifting
  6997 | D:8      | Upgraded the game from 0.32-a0-132-g2d33c3cfaf to
                  | 0.32-a0-160-g465344b4ef
  7029 | D:9      | Found an iron altar of Okawaru.
  7030 | D:9      | Found a stormy altar of Qazlal.
  7037 | D:9      | Reached skill level 2 in Shapeshifting
  7306 | D:9      | Reached skill level 3 in Shapeshifting
  7397 | D:9      | Identified the +9 rapier "Ivoshrea" {venom, rPois Int+3
                  | Dex-2}
  7492 | D:9      | Reached skill level 1 in Short Blades
  7744 | D:10     | Entered Level 10 of the Dungeon
  7940 | D:10     | Found a basalt altar of Yredelemnul.
  7944 | D:10     | Found an ancient bone altar of Kikubaaqudgha.
  8037 | D:10     | Noticed Grum
  8097 | D:10     | Noticed a two-headed ogre
  8106 | D:10     | Killed a two-headed ogre
  8107 | D:10     | Reached skill level 5 in Short Blades
  8107 | D:10     | Reached skill level 4 in Shapeshifting
  8212 | D:10     | Reached **** piety under Makhleb
  8213 | D:10     | Reached skill level 5 in Shapeshifting
  8232 | D:10     | Reached skill level 6 in Shapeshifting
  8373 | D:10     | Killed Grum
  8374 | D:10     | Reached skill level 7 in Shapeshifting
  8633 | D:11     | Noticed a two-headed ogre
  8639 | D:11     | Killed a two-headed ogre
  8640 | D:11     | Reached XP level 11. HP: 80/80 MP: 17/17
  8735 | D:11     | Found a staircase to the Lair.
  8743 | D:11     | Noticed a boulder beetle
  8749 | Lair:1   | Entered Level 1 of the Lair of Beasts
  8780 | Lair:1   | Noticed an oklob plant
  8822 | Lair:1   | Reached skill level 8 in Shapeshifting
  8861 | Lair:1   | Noticed Nebesus's ghost (journeyman KoBe)
  8863 | Lair:1   | Found a transporter.
  8868 | Lair:1   | Found a transporter.
  9077 | Lair:1   | Reached skill level 9 in Shapeshifting
  9122 | Lair:1   | Found a frozen archway.
  9145 | IceCv    | Entered an ice cave
  9414 | Lair:1   | Reached skill level 10 in Shapeshifting
 10065 | Lair:2   | Reached skill level 11 in Shapeshifting
 10187 | Lair:2   | Reached ***** piety under Makhleb
 10192 | Lair:2   | Reached skill level 12 in Shapeshifting
 10302 | Lair:2   | Reached XP level 12. HP: 86/86 MP: 12/18
 10400 | Lair:2   | Found a hole to the Spider Nest.
 10450 | Lair:2   | Reached skill level 13 in Shapeshifting
 10647 | Lair:2   | You fall into a shaft and drop 1 floor!
 10679 | Lair:3   | Identified the +2 war axe of Hohueghuo {flame, rElec rN++
                  | rCorr Dex-4}
 10755 | Lair:3   | Noticed a seven-headed hydra
 10762 | Lair:3   | Killed a seven-headed hydra
 10816 | Lair:3   | Reached skill level 14 in Shapeshifting
 11785 | Lair:3   | Found a staircase to the Shoals.
 11806 | Lair:3   | Reached skill level 15 in Shapeshifting
 12402 | Lair:4   | Noticed an eight-headed hydra
 12412 | Lair:4   | Killed an eight-headed hydra
 12731 | Lair:4   | Noticed Josephine
 12753 | Lair:4   | Killed Josephine
 12754 | Lair:4   | Reached skill level 16 in Shapeshifting
 12754 | Lair:4   | Reached XP level 13. HP: 66/89 MP: 18/19
 12925 | Lair:4   | Identified the +7 flail "Diku" {spect, Int+3}
 12969 | Lair:4   | Found a runed translucent door.
 12969 | Lair:4   | Noticed an acid blob
 12971 | Lair:4   | Noticed an acid blob
 12972 | Lair:4   | Found a staircase to the Slime Pits.
 13430 | Lair:5   | Entered Level 5 of the Lair of Beasts
 13505 | Lair:5   | Reached skill level 17 in Shapeshifting
 13877 | Lair:5   | Reached skill level 18 in Shapeshifting
 13879 | Lair:5   | Reached ****** piety under Makhleb
 14638 | Lair:5   | Reached skill level 19 in Shapeshifting
 14773 | Lair:5   | Reached XP level 14. HP: 98/98 MP: 20/20
 15649 | Lair:1   | Killed Nebesus's ghost
 15875 | Lair:1   | Slain by a boulder beetle

Illustrated notes

Levels and vault maps discovered:
D:1:      minmay_arrival_widening_spiral_wide, layout_basic,
          shapermc_ecumenical_altar_mp_vishouse, corexii_item_surrounded_by_moat
D:2:      layout_basic, due_unseen_surprise, uniq_robin
D:3:      layout_loops_corners, hangedman_abyss_or_decor_lesser_grid,
          minmay_randomly_rotated_circles
D:4:      layout_basic
D:5:      layout_gridville, nicolae_sextant, st_stairs_4, uniq_pikel,
          uniq_blork_the_orc, uniq_grinder
D:6:      layout_loops_ring, minmay_temple_entry_crystal_x
D:7:      layout_basic, enter_bailey_3, interstate_on_off,
          kennysheep_nondescript, nicolae_concentric_dashed_squares_wild
D:8:      layout_basic, nicolae_specific_store
D:9:      layout_roguey, mainiacjoe_overflow_catwalk_spiral
D:10:     layout_irregular_city, minitemple, uniq_grum
D:11:     minmay_the_grid_four_pointed_star_mashed
          [minmay_the_grid_triangle_9x9_thin_v,
          minmay_the_grid_triangle_9x9_impossible_snake,
          minmay_the_grid_triangle_9x9_empty,
          minmay_the_grid_triangle_9x9_windchime,
          minmay_the_grid_prize_inner_circle], layout_basic, lair_entry_dummy
Temple:   sentei_temple_godly_chess
Lair:1:   layout_big_grid, portal_ice_cave_entry_pillars_2,
          gammafunk_ghost_hive, grunt_megastairs_3
Lair:2:   layout_chaotic_city, nicolae_spider_entry_non_spiders,
          serial_bayou_shore_a, lemuel_fruit_fields, serial_bayou_shore_b,
          lemuel_fruit_tree
Lair:3:   layout_hall_layers, minmay_shoals_entry_lonely_mermaid
Lair:4:   layout_roguey, slime_entry_2, chequers_serial_rivers_large_b,
          uniq_josephine
Lair:5:   evilmike_catoblepas_cave, layout_cave_pods

Skill      XL: |  1  2  3  4  5  6  7  8  9 10 11 12 13 14 |
---------------+-------------------------------------------+-----
Unarmed Combat | 4 5 6 7 8 10 | 10.2
Fighting       | 5 |  5.4
Dodging        | 6 |  6.0
Invocations    | 2 8 9 |  9.0
Shapeshifting  | 7 12 16 19 | 19.5
Short Blades   | 5 |  5.0

Action                     |  1- 3 |  4- 6 |  7- 9 | 10-12 | 13-15 || total
---------------------------+-------+-------+-------+-------+-------++-------
  Melee: Unarmed           |   100 |   133 |   323 |   446 |   388 ||  1390
         Bite              |    20 |    13 |    49 |    93 |    75 ||   250
         Punch             |       |     8 |    26 |    67 |    41 ||   142
         Rapier            |       |       |       |   230 |       ||   230
         Maw               |       |       |       |   161 |   186 ||   347
  Throw: Dart              |       |       |    10 |    15 |     3 ||    28
 Invoke: Minor Destruction |       |       |     3 |     6 |       ||     9
         Major Destruction |       |       |       |     9 |    30 ||    39
Ability: Exsanguinate      |       |       |       |     1 |       ||     1
         Revivify          |       |       |       |     1 |       ||     1
  Evoke: Wand              |       |     6 |     8 |     5 |       ||    19
         Box of beasts     |       |       |       |     1 |     1 ||     2
    Use: Scroll            |     5 |     2 |     4 |     8 |     3 ||    22
         Potion            |       |     1 |       |     5 |     4 ||    10
   Stab: Sleeping          |     5 |     2 |     3 |       |     1 ||    11
         Invisible         |       |       |       |       |     9 ||     9
 Armour: Robe              |    55 |    60 |   190 |    84 |       ||   389
         Steam dragon scal |       |       |       |    99 |       ||    99
         Skin              |       |       |       |   294 |   250 ||   544
  Dodge: Dodged            |    64 |    73 |   238 |   475 |   255 ||  1105
   Form: Maw               |       |       |       |     2 |       ||     2

Table legend: (Time is in decaauts)
 A = Elapsed time spent in this place.
 B = Non-inter-level travel time spent in this place.
 C = Inter-level travel time spent in this place.
 D = Time resting spent in this place.
 E = Time spent auto-exploring this place.
 F = Levels seen in this place.
 G = Mean time per level.
                   A        B        C        D        E       F      G
               +--------+--------+--------+--------+--------+-----+--------+
         Total |  15706 |  15094 |    612 |    831 |  10413 |  19 |  826.6 |
       Dungeon |   8381 |   8131 |    250 |    303 |   5893 |  11 |  761.9 |
        Temple |     12 |      9 |      3 |      0 |      0 |   1 |   12.0 |
          Lair |   6884 |   6525 |    359 |    429 |   4448 |   5 | 1376.8 |
        Bailey |    262 |    262 |      0 |      7 |     61 |   1 |  262.0 |
      Ice Cave |    165 |    165 |      0 |     91 |     10 |   1 |  165.0 |
               +--------+--------+--------+--------+--------+-----+--------+

Top non-repeatable levels by time:
  Lair:5: 1983 daAuts
  Lair:1: 1326 daAuts
  Lair:2: 1248 daAuts
  Lair:3: 1227 daAuts
  Lair:4: 1097 daAuts
     D:5: 1059 daAuts
     D:7: 955 daAuts
     D:3: 938 daAuts
     D:2: 925 daAuts
    D:10: 814 daAuts
     D:9: 763 daAuts
     D:6: 737 daAuts
     D:8: 704 daAuts
     D:4: 672 daAuts
     D:1: 651 daAuts
